 Dungeon Crawl Stone Soup version 0.22.0 (webtiles) character file.

61142 nicolaieve the Tortoise (level 14, 0/132 HPs)
             Began as a Minotaur Berserker on Aug 9, 2018.
             Was a High Priest of Trog.
             Slain by a death yak (5 damage)
             ... on level 6 of the Lair of Beasts on Aug 10, 2018.
             The game lasted 01:39:36 (16921 turns).

nicolaieve the Tortoise (Minotaur Berserker)       Turns: 16921, Time: 01:39:36

Health: 0/132      AC: 23    Str: 22    XL:     14   Next: 59%
Magic:  13/13      EV: 13    Int:  4    God:    Trog [*****.]
Gold:   764        SH: 14    Dex: 15    Spells: 13/13 levels left

rFire    . . .     SeeInvis .   t - +1 whip (venom)
rCold    . . .     Gourm    .   p - +0 shield
rNeg     . . .     Faith    .   g - +0 plate armour
rPois    .         Spirit   .   C - +2 hat
rElec    .         Reflect  .   (no cloak)
rCorr    .         Harm     .   L - +0 pair of gloves
MR       +++..                  h - +1 pair of boots
Stlth    ..........             (no amulet)
HPRegen  1.32/turn              u - +2 ring of evasion
MPRegen  0.13/turn              (no ring)

@: berserk cooldown, regenerating, slowed, very slow
A: retaliatory headbutt, horns 2
a: Berserk, Trog's Hand, Brothers in Arms, Renounce Religion


You were on level 6 of the Lair of Beasts.
You worshipped Trog.
Trog was extremely pleased with you.
You were near starving.

You visited 2 branches of the dungeon, and saw 16 of its levels.

You collected 764 gold pieces.

Inventory:

Hand Weapons
 t - a +1 whip of venom (weapon)
 G - a +0 whip of flaming
Armour
 g - a +0 plate armour (worn)
 h - a +1 pair of boots (worn)
 p - a +0 shield (worn)
 C - a +2 hat (worn)
 L - a +0 pair of gloves (worn)
Jewellery
 u - a +2 ring of evasion (left hand)
Wands
 B - a wand of iceblast (18)
 D - a wand of digging (18)
 E - a wand of paralysis (13)
 P - a wand of polymorph (18)
Scrolls
 b - 2 scrolls of noise {unknown}
 e - 5 scrolls of teleportation
 k - 2 scrolls of fog {unknown}
 l - a scroll of summoning {unknown}
 m - 4 scrolls of remove curse
 q - 2 scrolls of blinking {unknown}
 w - 3 scrolls of enchant weapon {unknown}
 x - 4 scrolls of enchant armour
 y - a scroll of magic mapping {unknown}
 A - 2 scrolls of vulnerability {unknown}
 J - 3 scrolls of fear {unknown}
 K - 3 scrolls of torment {unknown}
Potions
 a - 2 potions of haste
 d - a potion of might
 i - 2 potions of cancellation
 n - 4 potions of curing
 s - 2 potions of flight
 v - 5 potions of agility
 H - a potion of resistance
 N - 2 potions of invisibility
Comestibles
 c - 16 rations


   Skills:
 + Level 14.1 Fighting
 - Level 12.0 Maces & Flails
 + Level 15.9 Armour
 + Level 6.2 Dodging
 - Level 15.0 Shields


You had 13 spell levels left.
You didn't know any spells.
Your spell library was empty.

Dungeon Overview and Level Annotations

Branches:
Dungeon (10/15)            Temple (0/1) D:4            Lair (6/6) D:8
  Swamp (0/4) Lair:4       Spider (0/4) Lair:3          Orc (0/2) D:10
  Slime: Lair:5-6

Altars:
Ashenzari
Cheibriados
Dithmenos
Elyvilon
Fedhas
Gozag
Hepliaklqana
Okawaru
Qazlal
Sif Muna
Trog
Wu Jian
Yredelemnul

Shops:
D:4 *   D:5 (   D:6 (   D:7 [   D:10 (


Innate Abilities, Weirdness & Mutations

You reflexively headbutt those who attack you in melee.
You have a pair of horns on your head.


Message History

You block the death yak's attack. x2
Unknown command.
Unknown command.
Okay, then.
Unknown command.
Your skin crawls.
You feel resistant to hostile enchantments.
You feel somewhat more hungry.
You are near starving!
You block the death yak's attack. x2; The death yak barely misses you.
The death yak gores you!
* * * LOW HITPOINT WARNING * * *
The death yak gores you!
* * * LOW HITPOINT WARNING * * *
You hit the death yak.
The death yak looks as sick as possible!
The death yak is severely wounded.
The death yak misses you. You furiously retaliate!
You headbutt the death yak. The death yak gores you.
You die...

.........<####........
......##....PP..P......?
.##...####.....P........
##.....# ##............
.#...#.# ##.###.........P..
###....P# ##..P...#.#..P....
..........#..P......)....P≈≈
.#....##.##..#.#...#....≈≈≈≈
## # ##.##Y@####..≈≈≈≈≈ .
#####YYPP...≈≈≈≈≈ ..
#F..P.†.P≈≈≈≈ ..
#....!P...≈≈≈ ≈≈
#.#........≈≈P
###.....P....≈ #.P........$
##.P#..#.... #...###...#


You could see 3 death yaks and a spiny frog.

Vanquished Creatures
  3 hydras
  A two-headed ogre (D:9)
  2 death yaks
  A deep elf mage (D:10)
  2 black mambas (Lair:1)
  9 elephants
  Joseph (D:9)
  26 spiny frogs
  A rime drake (Lair:2)
  3 komodo dragons
  A queen bee (D:8)
  A tyrant leech (Lair:5)
  A polar bear (Lair:2)
  11 hippogriffs
  28 blink frogs
  33 yaks
  4 redbacks (Lair:3)
  3 steam dragons
  6 basilisks
  A hungry ghost (D:7)
  3 vampire mosquitoes (Lair:5)
  12 water moccasins
  16 porcupines
  An orc warrior (D:10)
  An ice beast (D:10)
  5 sky beasts
  A phantom (D:7)
  3 black bears
  4 ogres
  6 centaurs
  6 wolves
  6 crocodiles
  3 big kobolds
  A gnoll sergeant (D:8)
  26 bullfrogs
  3 scorpions
  20 killer bees
  12 wights
  6 electric eels
  3 crimson imps
  3 bullfrog zombies
  A gnoll shaman (D:5)
  5 bullfrog skeletons
  4 hounds
  A jelly (D:9)
  6 orc priests
  2 centaur skeletons
  7 orc wizards
  Natasha (twice) (D:2)
  5 worker ants
  A killer bee zombie (D:7)
  A hound skeleton (D:6)
  2 worker ant zombies
  11 adders
  19 gnolls
  A howler monkey skeleton (D:3)
  3 shadow imps
  An ooze (D:1)
  2 adder zombies (D:8)
  6 adder skeletons
  2 worms
  2 dart slugs
  10 leopard geckos
  43 orcs
  3 giant cockroaches
  7 goblins
  9 hobgoblins
  21 jackals
  4 quokkas
  A ball python (D:1)
  10 bats
  6 frilled lizards
  21 kobolds
  A leopard gecko zombie (D:7)
  6 rats
  A plant (Lair:3)
506 creatures vanquished.

Vanquished Creatures (others)
  11 fungi
  29 plants
40 creatures vanquished.

Grand Total: 546 creatures vanquished

Notes
Turn   | Place    | Note
-------+----------+-------------------------------------------
     0 | D:1      | nicolaieve the Minotaur Berserker began the quest for the Orb.
     0 | D:1      | Reached XP level 1. HP: 19/19 MP: 0/0
    69 | D:1      | Reached XP level 2. HP: 14/26 MP: 1/1
   446 | D:1      | Reached skill level 5 in Maces & Flails
   731 | D:1      | Reached XP level 3. HP: 31/31 MP: 2/2
   894 | D:2      | Found a stormy altar of Qazlal.
  1091 | D:2      | Reached XP level 4. HP: 39/39 MP: 3/3
  1106 | D:2      | Reached ** piety under Trog
  1108 | D:2      | Reached skill level 1 in Shields
  1231 | D:2      | Noticed Natasha
  1244 | D:2      | Killed Natasha
  1244 | D:2      | Reached XP level 5. HP: 20/45 MP: 4/4
  1436 | D:2      | Found a white marble altar of Elyvilon.
  1487 | D:2      | Found a shadowy altar of Dithmenos.
  1710 | D:2      | Found an ornate altar of the Wu Jian Council.
  1909 | D:2      | Noticed Natasha
  1924 | D:2      | Killed Natasha
  2199 | D:3      | Found a shattered altar of Ashenzari.
  2238 | D:3      | Reached XP level 6. HP: 47/51 MP: 5/5
  2252 | D:3      | Reached *** piety under Trog
  2879 | D:4      | Found Meorunamp's Assorted Antiques.
  2951 | D:4      | Found a staircase to the Ecumenical Temple.
  3008 | D:4      | Found an iron altar of Okawaru.
  3010 | D:4      | Reached XP level 7. HP: 57/57 MP: 6/6
  3203 | D:5      | Entered Level 5 of the Dungeon
  3239 | D:5      | Found a bloodstained altar of Trog.
  3252 | D:5      | Found Zalluth's Weapon Shoppe.
  3360 | D:5      | Found a shadowy altar of Dithmenos.
  3389 | D:5      | Reached skill level 5 in Shields
  3501 | D:5      | Found a basalt altar of Yredelemnul.
  3530 | D:5      | Reached **** piety under Trog
  3601 | D:5      | Reached XP level 8. HP: 60/64 MP: 7/7
  3706 | D:5      | Received a gift from Trog
  3711 | D:5      | Reached skill level 10 in Maces & Flails
  3758 | D:5      | Found a snail-covered altar of Cheibriados.
  4304 | D:6      | Found a blossoming altar of Fedhas.
  4308 | D:6      | Found an opulent altar of Gozag.
  4446 | D:6      | Found Verealac's Antique Weapon Shop.
  4713 | D:7      | Reached XP level 9. HP: 37/70 MP: 8/8
  4752 | D:7      | HP: 2/70 [orc priest/divine providence (13)]
  5110 | D:7      | Found a hazy altar of Hepliaklqana.
  5510 | D:7      | Found Efentisats's Antique Armour Shoppe.
  5555 | D:7      | Reached skill level 10 in Shields
  5897 | D:8      | Noticed a komodo dragon
  5898 | D:8      | Found a staircase to the Lair.
  5916 | D:8      | Killed a komodo dragon
  6306 | D:8      | Reached XP level 10. HP: 77/77 MP: 9/9
  6347 | D:8      | Reached ***** piety under Trog
  6668 | D:8      | Found a deep blue altar of Sif Muna.
  7136 | D:9      | Noticed a two-headed ogre
  7147 | D:9      | Killed a two-headed ogre
  7176 | D:9      | Reached skill level 5 in Fighting
  7182 | D:9      | Noticed Joseph
  7208 | D:9      | Killed Joseph
  7583 | D:9      | Received a gift from Trog
  7648 | D:9      | Found a white marble altar of Elyvilon.
  8072 | D:9      | Reached skill level 5 in Armour
  8133 | D:10     | Entered Level 10 of the Dungeon
  8134 | D:10     | Found a staircase to the Orcish Mines.
  8240 | D:10     | Noticed a deep elf mage
  8253 | D:10     | Killed a deep elf mage
  8253 | D:10     | Reached XP level 11. HP: 91/91 MP: 10/10
  8590 | D:10     | Found Cukh's Antique Weapon Boutique.
  8964 | Lair:1   | Entered Level 1 of the Lair of Beasts
 10209 | Lair:2   | Reached skill level 10 in Armour
 10648 | Lair:2   | Found an iron altar of Okawaru.
 10848 | Lair:2   | Reached XP level 12. HP: 102/106 MP: 11/11
 10853 | Lair:2   | Reached skill level 10 in Fighting
 10896 | Lair:2   | Upgraded the game from 0.22-b1-59-g0aedee7 to 0.22.0
 11445 | Lair:3   | Received a gift from Trog
 11988 | Lair:3   | Found a hole to the Spider Nest.
 12815 | Lair:4   | Found a staircase to the Swamp.
 13475 | Lair:3   | Noticed a six-headed hydra
 13484 | Lair:3   | Killed a six-headed hydra
 13584 | Lair:3   | Reached XP level 13. HP: 104/118 MP: 12/12
 14219 | Lair:4   | Reached skill level 5 in Dodging
 14219 | Lair:4   | Reached XP level 14. HP: 129/129 MP: 13/13
 14673 | Lair:5   | Reached skill level 15 in Armour
 15231 | Lair:6   | Entered Level 6 of the Lair of Beasts
 16358 | Lair:6   | Reached skill level 15 in Shields
 16385 | Lair:6   | Received a gift from Trog
 16920 | Lair:6   | HP: 4/132 [death yak (11)]
 16921 | Lair:6   | Slain by a death yak

Skill      XL: |  1  2  3  4  5  6  7  8  9 10 11 12 13 14 |
---------------+-------------------------------------------+-----
Maces & Flails | 4 5 6 7 8 9 11 12 | 12.0
Shields        | 1 2 4 6 8 12 14 15 | 15.0
Fighting       | 6 9 12 13 14 | 14.1
Armour         | 5 10 13 14 15 | 15.9
Dodging        | 3 4 5 6 |  6.2

Action                   |  1- 3 |  4- 6 |  7- 9 | 10-12 | 13-15 || total
-------------------------+-------+-------+-------+-------+-------++-------
Melee: Mace              |    63 |       |       |       |       ||    63
       Headbutt          |     9 |    35 |    92 |   293 |   151 ||   580
       Whip              |    37 |   243 |   543 |  1118 |   494 ||  2435
Invok: Berserk           |     2 |     5 |     7 |    14 |     4 ||    32
       Trog's Hand       |       |       |     1 |     6 |     6 ||    13
  Use: Scroll            |       |     6 |     4 |     1 |     8 ||    19
       Potion            |       |       |       |     1 |     4 ||     5
  Eat: Chunk             |     3 |    10 |    13 |    32 |    16 ||    74
       Ration            |       |       |     4 |     2 |       ||     6
Armor: Animal skin       |     3 |       |       |       |       ||     3
       Scale mail        |    30 |    51 |       |       |       ||    81
       Plate armour      |       |    11 |   178 |   312 |   158 ||   659
Dodge: Dodged            |    64 |    62 |    85 |   237 |   163 ||   611
Block: Shield            |    15 |    85 |   190 |   554 |   267 ||  1111
